 Dungeon Crawl Stone Soup version 0.18.1-50-g88ac8fd (webtiles) character file.

3384 Krapule the Charlatan (level 9, -5/82 HPs)
             Began as a Deep Dwarf Fighter on Oct 31, 2016.
             Was an Initiate of Makhleb.
             Slain by an orc warrior
             ... wielding a +0 scimitar
              (10 damage)
             ... on level 8 of the Dungeon on Nov 6, 2016.
             The game lasted 00:40:47 (5988 turns).

Krapule the Charlatan (Deep Dwarf Fighter)          Turns: 5988, Time: 00:40:47

Health: -5/82      AC: 13    Str: 26    XL:     9   Next: 74%
Magic:  11/11      EV:  9    Int: 10    God:    Makhleb [......]
Gold:   455        SH: 11    Dex: 12    Spells: 0 memorised, 8 levels left

rFire  + . .     SeeInvis .     M - +1 hand axe (flame)
rCold  . . .     Gourm    .     x - +1 ring mail {rF+}
rNeg   . . .     Faith    .     c - +0 shield
rPois  .         Spirit   .     K - +2 hat
rElec  .         Dismiss  +     E - +0 cloak
rCorr  .         Reflect  .     y - +1 pair of gloves
SustAt .         Harm     .     (no boots)
MR     +....                    v - amulet of dismissal
Stlth  +.........               J - +2 ring of strength
                                s - +2 ring of strength

@: non-regenerating, somewhat resistant to hostile enchantments, very unstealthy
A: damage resistance, recharge devices, sense surroundings 2, slow regeneration
3
a: Device Recharging, Renounce Religion


You were on level 8 of the Dungeon.
You worshipped Makhleb.
Makhleb was noncommittal.
You were not hungry.

You visited 2 branches of the dungeon, and saw 9 of its levels.

You collected 455 gold pieces.

Inventory:

Hand Weapons
 a - a +1 war axe
 M - a +1 hand axe of flaming (weapon)
Missiles
 z - a throwing net (quivered)
Armour
 b - a +0 scale mail
 c - a +0 shield (worn)
 x - a +1 ring mail of fire resistance (worn)
 y - a +1 pair of gloves (worn)
 B - the +1 leather armour of Qepiushrea {rF- Dex+8}
   (You found it on level 5 of the Dungeon)

   It affects your dexterity (+8).
   It makes you vulnerable to fire.
 E - a +0 cloak (worn)
 K - a +2 hat (worn)
Jewellery
 i - an uncursed ring of ice
 s - a +2 ring of strength (left hand)
 u - an uncursed ring of sustain attributes
 v - an amulet of dismissal (around neck)
 J - a +2 ring of strength (right hand)
 L - an uncursed ring of fire {unknown}
Wands
 e - a wand of heal wounds (3/9)
 q - a wand of teleportation (3/9)
 G - a wand of confusion (10/48)
Scrolls
 g - a scroll of amnesia
 h - a scroll of blinking
 m - a scroll of enchant weapon
 n - 2 scrolls of enchant armour
 r - 6 scrolls of teleportation
 F - 8 scrolls of remove curse
 P - a scroll of identify
Potions
 d - a potion of might
 j - 3 potions of agility
 k - 3 potions of heal wounds
 o - 2 potions of berserk rage
 t - a potion of cure mutation
 w - a potion of magic
 A - 3 potions of flight
 C - a potion of haste
 H - 2 potions of curing {unknown}
 I - a potion of mutation {unknown}
 Q - a potion of resistance {unknown}
Books
 D - a book of Summonings

   Spells                             Type                      Level
   a - Recall                         Summoning/Translocation      3
   b - Aura of Abjuration             Summoning                    5
   c - Summon Demon                   Summoning                    5
   d - Summon Forest                  Summoning/Translocation      5
   e - Summon Mana Viper              Hexes/Summoning              5
   f - Shadow Creatures               Summoning                    6
Comestibles
 f - 7 bread rations
 l - 3 beef jerkies
 p - 3 meat rations
 N - 7 slices of pizza
 O - a chunk of flesh


   Skills:
 + Level 6.1 Fighting
 + Level 7.3 Axes
 + Level 7.7 Armour
 + Level 7.3 Shields
 + Level 1.5 Invocations
 + Level 7.8 Evocations


You had 8 spell levels left.
You didn't know any spells.

Dungeon Overview and Level Annotations

Branches:
Dungeon (8/15)             Temple (1/1) D:7
   Lair: D:8-11

Altars:
Ashenzari
Cheibriados
Dithmenos
Elyvilon
Fedhas
Kikubaaqudgha
Makhleb
Okawaru
Pakellas
Qazlal
Ru
Trog
Vehumet
Xom
Yredelemnul
Zin
The Shining One

Shops:
D:7 =

Annotations:
D:4 Krapule's ghost, amateur TeSu


Innate Abilities, Weirdness & Mutations

You are resistant to damage.
You can recharge devices by infusing magical energy.
You passively map the area around you.
You do not regenerate naturally.


Message History

You hit the orc warrior but do no damage.
The orc warrior is moderately wounded.
The orc warrior hits you with a scimitar!
* * * LOW HITPOINT WARNING * * *
You closely miss the orc warrior.
The orc warrior is moderately wounded.
You block the orc warrior's attack.
You closely miss the orc warrior.
The orc warrior is moderately wounded.
You block the orc warrior's attack.
You hit the orc warrior but do no damage.
The orc warrior is moderately wounded.
You hit the orc warrior but do no damage.
The orc warrior is moderately wounded.
You block the orc warrior's attack.
A kobold comes into view. It is wielding a club.
You hit the orc warrior. You burn the orc warrior.
The orc warrior is severely wounded.
The orc warrior hits you with a scimitar!
You die...

# ############ #.. *
#..........# **
...KK########.########.#
, ...KKoo@......# #.# *
K..KK########## #.# * *
,... , ##.# *, #* ** ,
#######... * * *
,,........#. * * * ,* ,,
####.##... *,** * #
##รท# ,, * * ##.# * ,
#..#


You could see an orc warrior, a big kobold, an orc and 6 kobolds.

Vanquished Creatures
  The ghost of Gorglomux the Covert, a novice VSAs of Dithmenos (D:6)
  The ghost of kraedy the Basher, a novice GrFi (D:5)
  Sigmund (D:5)
  A human (D:7)
  Menkaure (D:4)
  2 ice beasts
  An orc warrior (D:7)
  2 sky beasts
  A black bear (D:6)
  2 ogres
  5 giant frogs
  2 scorpions (D:6)
  7 wights (D:7)
  A crimson imp (D:5)
  8 hounds
  A jelly (D:6)
  3 orc wizards
  An orc priest (D:8)
  A giant frog skeleton (D:7)
  An iguana (D:4)
  6 worker ants
  4 sheep (D:7)
  A hound zombie (D:7)
  A hound skeleton (D:5)
  7 adders
  7 gnolls
  3 oozes
  2 adder skeletons (D:5)
  An adder zombie (D:5)
  4 worms
  3 dart slugs
  4 giant geckos
  17 orcs
  2 ball pythons (D:4)
  7 bats
  8 giant cockroaches
  8 goblins
  9 hobgoblins
  8 jackals
  6 quokkas
  A giant gecko skeleton (D:4)
  A giant gecko zombie (D:5)
  4 giant newts
  4 kobolds
  A quokka skeleton (D:5)
  15 rats
177 creatures vanquished.

Notes
Turn   | Place    | Note
--------------------------------------------------------------
     0 | D:1      | Krapule the Deep Dwarf Fighter began the quest for the Orb.
     0 | D:1      | Reached XP level 1. HP: 20/20 MP: 1/1
    98 | D:1      | Reached skill level 1 in Evocations
   112 | D:1      | Reached XP level 2. HP: 20/27 MP: 2/2
   791 | D:2      | Reached XP level 3. HP: 11/34 MP: 4/4
   870 | D:2      | Reached XP level 4. HP: 34/42 MP: 5/5
  1666 | D:3      | Reached XP level 5. HP: 15/49 MP: 6/6
  2321 | D:4      | Noticed Krapule's ghost (amateur TeSu)
  2409 | D:4      | Reached XP level 6. HP: 30/56 MP: 8/8
  2552 | D:4      | Noticed Menkaure
  2559 | D:4      | Killed Menkaure
  2608 | D:4      | Reached skill level 5 in Armour
  2702 | D:4      | You fall through a shaft!
  2702 | D:5      | Entered Level 5 of the Dungeon
  3081 | D:5      | Noticed a sky beast
  3123 | D:5      | Found a glowing silver altar of Zin.
  3126 | D:5      | Found a sacrificial altar of Ru.
  3129 | D:5      | Found a bloodstained altar of Trog.
  3199 | D:6      | Noticed Gorglomux's ghost (novice VSAs)
  3227 | D:5      | HP: 2/57 [something (5)]
  3233 | D:5      | Reached XP level 7. HP: 25/63 MP: 9/9
  3268 | D:5      | Noticed Sigmund
  3272 | D:5      | Noticed kraedy's ghost (novice GrFi)
  3274 | D:5      | Killed Sigmund
  3274 | D:5      | Reached skill level 5 in Shields
  3288 | D:5      | Killed kraedy's ghost
  3288 | D:5      | Reached skill level 5 in Axes
  3387 | D:5      | Reached skill level 5 in Evocations
  3387 | D:5      | Reached XP level 8. HP: 49/73 MP: 10/10
  3523 | D:5      | Got a twisted leather armour
  3534 | D:5      | Identified the +1 leather armour of Qepiushrea {rF- Dex+8} (You found it on level 5 of the Dungeon)
  3863 | D:5      | Found a shimmering altar of Xom.
  4146 | D:6      | Reached skill level 5 in Fighting
  4346 | D:6      | Killed Gorglomux's ghost
  4444 | D:6      | Gained mutation: You passively map the area around you. [Deep Dwarf growth]
  4444 | D:6      | Reached XP level 9. HP: 54/81 MP: 11/11
  4844 | D:7      | Found a stormy altar of Qazlal.
  4896 | D:7      | Found Meoff's Jewellery Emporium.
  4944 | D:7      | Found an iron altar of Okawaru.
  5167 | D:7      | Found a staircase to the Ecumenical Temple.
  5174 | Temple   | Entered the Ecumenical Temple
  5309 | Temple   | Became a worshipper of Makhleb the Destroyer
  5520 | D:7      | Reached skill level 1 in Invocations
  5988 | D:8      | Slain by an orc warrior

Skill      XL: |  1  2  3  4  5  6  7  8  9 |
---------------+----------------------------+-----
Evocations     | 1 2 3 4 5 6 7 |  7.8
Fighting       | 3 4 5 6 |  6.1
Axes           | 3 4 5 6 7 |  7.3
Armour         | 4 5 6 7 |  7.7
Shields        | 4 5 6 7 |  7.3
Invocations    | 1 |  1.5

Action                   |  1- 3 |  4- 6 |  7- 9 || total
-------------------------+-------+-------+-------++-------
Melee: War axe           |   107 |   241 |   360 ||   708
       Hand axe          |       |       |    56 ||    56
 Abil: Device Recharging |       |     1 |     2 ||     3
Evoke: Wand              |     1 |     5 |     9 ||    15
  Use: Scroll            |       |    17 |     1 ||    18
 Stab: Confused          |       |       |     2 ||     2
  Eat: Chunk             |       |     8 |    10 ||    18
Armor: Scale mail        |    54 |    41 |       ||    95
       Ring mail         |       |    53 |   146 ||   199
       Skin              |       |       |     2 ||     2
Dodge: Dodged            |    30 |    75 |   120 ||   225
Block: Shield            |    58 |   107 |   201 ||   366
